Workbook

Sheet DOB - Legisl Chart
A1: Nursing Home 9.5% Increase FY 2024 Senate Budget Action Provider Impacts
A2: ($ in Thousands) | B2: Facility Count | C2: Facility Count % | D2: Facility Impact % | E2: Gross Impacts | F2: Non-Fed Share Impacts
A3: NYC Impact | B3: =COUNTIF($D$8:$D$606,"NYC") -> 166 | C3: =B3/$B$5 -> 0.27712855 | D3: =E3/$E$5 -> 0.47582872 | E3: =SUMIF(D8:D606,"NYC",E8:E606) -> 3.1615214e+08 | F3: =E3/2 -> 1.5807607e+08
A4: ROS Impact | B4: =COUNTIF($D$8:$D$606,"ROS") -> 433 | C4: =B4/$B$5 -> 0.72287145 | D4: =E4/$E$5 -> 0.52417128 | E4: =SUMIF(D8:D606,"ROS",E8:E606) -> 3.4827211e+08 | F4: =E4/2 -> 1.7413605e+08
A5: Statewide Impact | B5: =SUM(B3:B4) -> 599 | C5: =SUM(C3:C4) -> 1 | D5: =SUM(D3:D4) -> 1 | E5: =SUM(E3:E4) -> 6.6442425e+08 | F5: =SUM(F3:F4) -> 3.3221213e+08
A7: Facility | D7: NYC/ROS | E7: Gross Facility Impact | F7: Non-Fed Facility Impact
A8: St Peters Nursing and Rehabilitation Center | D8: ROS | E8: 578867.36 | F8: =E8*0.5 -> 289433.68
A9: St Margarets Center | D9: ROS | E9: 2384967.8 | F9: =E9*0.5 -> 1192483.9
A10: Daughters Of Sarah Nursing Center | D10: ROS | E10: 778200.21 | F10: =E10*0.5 -> 389100.11
A11: Teresian House Nursing Home Co Inc | D11: ROS | E11: 1737003.7 | F11: =E11*0.5 -> 868501.83
A12: Hudson Park Rehabilitation and Nursing Center | D12: ROS | E12: 974291.25 | F12: =E12*0.5 -> 487145.62
A13: Eddy Village Green | D13: ROS | E13: 717273.86 | F13: =E13*0.5 -> 358636.93
A14: Bethlehem Commons Care Center | D14: ROS | E14: 503724.96 | F14: =E14*0.5 -> 251862.48
A15: Eddy Village Green at Beverwyck | D15: ROS | E15: 94438.25 | F15: =E15*0.5 -> 47219.125
A16: Shaker Place Rehabilitation and Nursing Center | D16: ROS | E16: 1576872 | F16: =E16*0.5 -> 788436
A17: Our Lady Of Mercy Life Center | D17: ROS | E17: 580768.28 | F17: =E17*0.5 -> 290384.14
A18: The Grand Rehabilitation and Nursing at Guilderland | D18: ROS | E18: 794997.92 | F18: =E18*0.5 -> 397498.96
A19: Cuba Memorial Hospital Inc Snf | D19: ROS | E19: 252579.48 | F19: =E19*0.5 -> 126289.74
... A606: Richmond Center for Rehabilitation and Specialty Healthcare | D606: NYC | E606: 4164926.5 | F606: =E606*0.5 -> 2082463.3
A607: New Vanderbilt Rehabilitation and Care Center Inc | D607: NYC | E607: 2277216.4
A608: Verrazano Nursing Home | D608: NYC | E608: 842458.17
A609: Clove Lakes Health Care and Rehabilitation Center | D609: NYC | E609: 2352236.1
A610: Golden Gate Rehabilitation and Health Care Center | D610: NYC | E610: 1370712.8
A611: Silver Lake Specialized Rehabilitation and Care Cente | D611: NYC | E611: 1639167.8
A612: Richmond Center for Rehabilitation and Specialty Healthcare | D612: NYC | E612: 4164926.5

Sheet 25-0035SPA ATB
A1: New York State Department of Health
A2: Division of Finance and Rate Setting
A3: SPA 25-0035 Recurring Lump Sum Payment for NF and SPEC
A6: Type | B6: Opcert | C6: Name | D6: Total Payment cycle 2564
A7: NF | B7: 295030230 | C7: A Holly Patterson Extended Care Facility | D7: 2208640.5
A8: AIDS | B8: 295030231 | C8: A Holly Patterson Extended Care Facility | D8: 70329.98
A9: VENT | B9: 295030232 | C9: A Holly Patterson Extended Care Facility | D9: 27669.62
A10: NF | B10: 272530110 | C10: Aaron Manor Rehabilitation and Nursing Center | D10: 458620.68
A11: NF | B11: 042030210 | C11: Absolut Center for Nursing and Rehabilitation at Allega | D11: 115680.24
A12: NF | B12: 142230310 | C12: Absolut Center for Nursing and Rehabilitation at Auror | D12: 721096.76
A13: NF | B13: 030230310 | C13: Absolut Center for Nursing and Rehabilitation at Endic | D13: 692743.76
A14: NF | B14: 315830210 | C14: Absolut Center for Nursing and Rehabilitation at Gaspo | D14: 319763.68
A15: NF | B15: 502630110 | C15: Absolut Center for Nursing and Rehabilitation at Three | D15: 436141.84
A16: NF | B16: 067530210 | C16: Absolut Center for Nursing and Rehabilitation at Westfi | D16: 455654.52
A17: NF | B17: 515530110 | C17: Acadia Center for Nursing and Rehabilitation | D17: 386865.78
A18: NF | B18: 522030310 | C18: Achieve Rehab and Nursing Facility | D18: 428203
... A689: NF | B689: 595130110 | C689: Yorktown Rehabilitation & Nursing Center | D689: 389017.7

Sheet Summary 
A1: =TODAY() -> 46324
A2: New York State Department of Health
A3: Division of Finance and Rate Setting
A4: NH FFS Operating Spend Projection
B5: 25-0035
L6: Total days -25-0035
C7: ALL MA | D7: FFS Gross | E7: FFS State Share | F7: MC Gross* | G7: MC State Share | K7: NH | L7: =SUM('2025 NH-SPEC days'!F3:F593) -> 21040722
B8: NH, SPEC & ADHC FFS Operating Revenue | C8: =D8/(1-0.144408) -> #REF! | D8: =#REF!+#REF! -> #REF! | E8: =D8/2 -> #REF! | F8: =C8-D8 -> #REF! | G8: =F8/2 -> #REF! | K8: SPEC | L8: =SUM('2025 NH-SPEC days'!F594:F691) -> 742186
B10: Percentage Increase | D10: 14.54
K11: Total | L11: =SUM(L7:L10) -> 21782908
B12: Value of % Increase | C12: =D12/(1-0.144408) -> #REF! | D12: =SUM(D13:D14) -> #REF! | E12: =D12/2 -> #REF! | F12: =C12-D12 -> #REF! | G12: =F12/2 -> #REF! | H12: =G12+E12 -> #REF! | K12: Total value | L12: 379100000
B13: NH | D13: =#REF! -> #REF! | E13: =D13/2 -> #REF! | K13: per diem value | L13: =ROUND(L12/L11,2) -> 17.4
B14: SPEC | D14: =#REF! -> #REF! | E14: =D14/2 -> #REF!
B19: 26-0039 | K19: Total days -26-0039
K28: NH | L28: =SUM('2025 NH-SPEC days'!F3:F593) -> 21040722
C29: ALL MA | D29: FFS Gross | E29: FFS State Share | F29: MC Gross* | G29: MC State Share | K29: SPEC | L29: =SUM('2025 NH-SPEC days'!F594:F691) -> 742186
B30: NH, SPEC & ADHC FFS Operating Revenue | C30: =D30/(1-0.144408) -> #REF! | D30: =#REF!+#REF! -> #REF! | E30: =D30/2 -> #REF! | F30: =C30-D30 -> #REF! | G30: =F30/2 -> #REF!
B32: Percentage Increase | D32: 0.0374 | E32: =L34 -> 10.86 | K32: Total | L32: =SUM(L28:L31) -> 21782908
K33: Total value | L33: 236600000
B34: Value of % Increase | C34: =D34/(1-0.144408) -> #REF! | D34: =SUM(D35:D36) -> #REF! | E34: =D34/2 -> #REF! | F34: =C34-D34 -> #REF! | G34: =F34/2 -> #REF! | H34: =G34+E34 -> #REF! | K34: per diem value | L34: =ROUND(L33/L32,2) -> 10.86
B35: NH | D35: =#REF! -> #REF! | E35: =D35/2 -> #REF!
B36: SPEC | D36: =#REF! -> #REF! | E36: =D36/2 -> #REF! | L36: $ | M36: % | N36: Total
K37: NH | L37: =#REF! -> #REF! | M37: =#REF! -> #REF! | N37: =M37+L37 -> #REF!
K38: SPEC | L38: =#REF! -> #REF! | M38: =#REF! -> #REF! | N38: =SUM(L38:M38) -> #REF!
L39: =SUM(L37:L38) -> #REF! | M39: =SUM(M37:M38) -> #REF! | N39: =SUM(N37:N38) -> #REF!

Sheet Pivot Flat Data
A3: Sum of Impact
A4: Opcert | B4: ROS or NYC | C4: Name | D4: Total
A5: 0101305 | B5: ROS | C5: St Peters Nursing and Rehabilitation Center | D5: 578867.36
A6: 0101307 | B6: ROS | C6: St Margarets Center | D6: 2384967.8
A7: 0101312 | B7: ROS | C7: Daughters Of Sarah Nursing Center | D7: 778200.21
A8: 0101313 | B8: ROS | C8: Teresian House Nursing Home Co Inc | D8: 1737003.7
A9: 0101315 | B9: ROS | C9: Hudson Park Rehabilitation and Nursing Center | D9: 974291.25
A10: 0102001 | B10: ROS | C10: Eddy Village Green | D10: 717273.86
A11: 0151300 | B11: ROS | C11: Bethlehem Commons Care Center | D11: 503724.96
A12: 0151301 | B12: ROS | C12: Eddy Village Green at Beverwyck | D12: 94438.25
A13: 0153302 | B13: ROS | C13: Shaker Place Rehabilitation and Nursing Center | D13: 1576872
A14: 0155301 | B14: ROS | C14: Our Lady Of Mercy Life Center | D14: 580768.28
A15: 0155304 | B15: ROS | C15: The Grand Rehabilitation and Nursing at Guilderland | D15: 794997.92
A16: 0226000 | B16: ROS | C16: Cuba Memorial Hospital Inc Snf | D16: 252579.48
... A603: 7004324 | B603: NYC | C603: Richmond Center for Rehabilitation and Specialty Healthcare | D603: 4164926.5
A604: Grand Total | D604: 6.6442425e+08

Sheet Pivot
A3: Sum of Impact
A4: Opcert | B4: ROS or NYC | C4: Name | D4: Total
A5: 0101305 | B5: ROS | C5: St Peters Nursing and Rehabilitation Center | D5: 578867.36
A6: 0101307 | B6: ROS | C6: St Margarets Center | D6: 2384967.8
A7: 0101312 | B7: ROS | C7: Daughters Of Sarah Nursing Center | D7: 778200.21
A8: 0101313 | B8: ROS | C8: Teresian House Nursing Home Co Inc | D8: 1737003.7
A9: 0101315 | B9: ROS | C9: Hudson Park Rehabilitation and Nursing Center | D9: 974291.25
A10: 0102001 | B10: ROS | C10: Eddy Village Green | D10: 717273.86
A11: 0151300 | B11: ROS | C11: Bethlehem Commons Care Center | D11: 503724.96
A12: 0151301 | B12: ROS | C12: Eddy Village Green at Beverwyck | D12: 94438.25
A13: 0153302 | B13: ROS | C13: Shaker Place Rehabilitation and Nursing Center | D13: 1576872
A14: 0155301 | B14: ROS | C14: Our Lady Of Mercy Life Center | D14: 580768.28
A15: 0155304 | B15: ROS | C15: The Grand Rehabilitation and Nursing at Guilderland | D15: 794997.92
A16: 0226000 | B16: ROS | C16: Cuba Memorial Hospital Inc Snf | D16: 252579.48
... A603: 7004324 | B603: NYC | C603: Richmond Center for Rehabilitation and Specialty Healthcare | D603: 4164926.5
A604: Grand Total | D604: 6.6442425e+08

Sheet Provider Table
A1: 1. Run % off of Summary tab to generate new impacts
A2: 2. Copy and paste provider opcert (7 digit only so can combine services), name, and total impact below for all 3 services (NH, SPEC, and ADHC)
A3: 3. Insert ROS vs NYC designation based on first 2 digits of opcert
A4: 4. Generate Pivot table (DOH - Legisl Chart tab)
E8: =SUM(E10:E731) -> 6.6442425e+08
A9: Opcert | B9: Name | C9: Opcert Ind | D9: ROS or NYC | E9: Impact | F9: Impact in Thousands
A10: 0101305 | B10: St Peters Nursing and Rehabilitation Center | C10: =LEFT(A10,2) -> 01 | D10: =IF(C10="70","NYC","ROS") -> ROS | E10: 578867.36 | F10: =E10/1000 -> 578.86736
A11: 0101307 | B11: St Margarets Center | C11: =LEFT(A11,2) -> 01 | D11: =IF(C11="70","NYC","ROS") -> ROS | E11: 515264.7 | F11: =E11/1000 -> 515.2647
A12: 0101307 | B12: St Margarets Center | C12: =LEFT(A12,2) -> 01 | D12: =IF(C12="70","NYC","ROS") -> ROS | E12: 1869703.1 | F12: =E12/1000 -> 1869.7031
A13: 0101312 | B13: Daughters Of Sarah Nursing Center | C13: =LEFT(A13,2) -> 01 | D13: =IF(C13="70","NYC","ROS") -> ROS | E13: 778200.21 | F13: =E13/1000 -> 778.20021
A14: 0101313 | B14: Teresian House Nursing Home Co Inc | C14: =LEFT(A14,2) -> 01 | D14: =IF(C14="70","NYC","ROS") -> ROS | E14: 1737003.7 | F14: =E14/1000 -> 1737.0037
A15: 0101315 | B15: Hudson Park Rehabilitation and Nursing Center | C15: =LEFT(A15,2) -> 01 | D15: =IF(C15="70","NYC","ROS") -> ROS | E15: 974291.25 | F15: =E15/1000 -> 974.29125
A16: 0102001 | B16: Eddy Village Green | C16: =LEFT(A16,2) -> 01 | D16: =IF(C16="70","NYC","ROS") -> ROS | E16: 717273.86 | F16: =E16/1000 -> 717.27386
A17: 0151300 | B17: Bethlehem Commons Care Center | C17: =LEFT(A17,2) -> 01 | D17: =IF(C17="70","NYC","ROS") -> ROS | E17: 503724.96 | F17: =E17/1000 -> 503.72496
A18: 0151301 | B18: Eddy Village Green at Beverwyck | C18: =LEFT(A18,2) -> 01 | D18: =IF(C18="70","NYC","ROS") -> ROS | E18: 94438.25 | F18: =E18/1000 -> 94.43825
A19: 0153302 | B19: Shaker Place Rehabilitation and Nursing Center | C19: =LEFT(A19,2) -> 01 | D19: =IF(C19="70","NYC","ROS") -> ROS | E19: 1576872 | F19: =E19/1000 -> 1576.872
A20: 0155301 | B20: Our Lady Of Mercy Life Center | C20: =LEFT(A20,2) -> 01 | D20: =IF(C20="70","NYC","ROS") -> ROS | E20: 580768.28 | F20: =E20/1000 -> 580.76828
A21: 0155304 | B21: The Grand Rehabilitation and Nursing at Guilderland | C21: =LEFT(A21,2) -> 01 | D21: =IF(C21="70","NYC","ROS") -> ROS | E21: 794997.92 | F21: =E21/1000 -> 794.99792
... A731: 7004324 | B731: Richmond Center for Rehabilitation and Specialty Healthcare | C731: =LEFT(A731,2) -> 70 | D731: =IF(C731="70","NYC","ROS") -> NYC | E731: 2175902.8 | F731: =E731/1000 -> 2175.9028

Sheet Hospice
K4: =SUM(K6:K39) -> 1.1359828e+08
A5: MMIS | B5: Provider | C5: Date | D5: 2024 Salient Days | E5: 2024 Operating rate | F5: % Increase | G5: Impact-% | H5: $ Impact | K5: Impact-%
A6: 955739 | B6: COMMUNITY HOSPICE INC. | C6: 10/01/2024 | D6: 836 | E6: #N/A | F6: =E6*'Summary '!$D$10 -> #N/A | G6: =F6*D6 -> #N/A | H6: =D6*'Summary '!$E$10 -> 0 | I6: 206886.91 | J6: =I6*'Summary '!$D$10 -> 3008135.7 | K6: =J6 -> 3008135.7
A7: 955775 | B7: HOSPICE AT LOURDES | C7: 10/01/2024 | D7: 194 | E7: #N/A | F7: =E7*'Summary '!$D$10 -> #N/A | G7: =F7*D7 -> #N/A | H7: =D7*'Summary '!$E$10 -> 0 | I7: 9920.42 | J7: =I7*'Summary '!$D$10 -> 144242.91 | K7: =J7 -> 144242.91
A8: 955720 | B8: HOSPICE BUFFALO INC | C8: 10/01/2024 | D8: 613 | E8: #N/A | F8: =E8*'Summary '!$D$10 -> #N/A | G8: =F8*D8 -> #N/A | H8: =D8*'Summary '!$E$10 -> 0 | I8: 102113.51 | J8: =I8*'Summary '!$D$10 -> 1484730.4 | K8: =J8 -> 1484730.4
A9: 1143186 | B9: BROOKHAVEN MEM HSP MC HOSPICE | C9: 10/01/2024 | D9: 29 | E9: #N/A | F9: =E9*'Summary '!$D$10 -> #N/A | G9: =F9*D9 -> #N/A | H9: =D9*'Summary '!$E$10 -> 0 | I9: 7422.66 | J9: =I9*'Summary '!$D$10 -> 107925.48 | K9: =J9 -> 107925.48
A10: 1268437 | B10: EAST END HOSPICE INC | C10: 10/01/2024 | D10: 162 | E10: #N/A | F10: =E10*'Summary '!$D$10 -> #N/A | G10: =F10*D10 -> #N/A | H10: =D10*'Summary '!$E$10 -> 0 | I10: 50842.26 | J10: =I10*'Summary '!$D$10 -> 739246.46 | K10: =J10 -> 739246.46
A11: 1243585 | B11: GOOD SHEPHERD HOSPICE | C11: 10/01/2024 | D11: 793 | E11: #N/A | F11: =E11*'Summary '!$D$10 -> #N/A | G11: =F11*D11 -> #N/A | H11: =D11*'Summary '!$E$10 -> 0 | I11: 106301.61 | J11: =I11*'Summary '!$D$10 -> 1545625.4 | K11: =J11 -> 1545625.4
A12: 1093549 | B12: HOSPICE CARE OF LONG ISLAND | C12: 10/01/2024 | D12: 1429 | E12: #N/A | F12: =E12*'Summary '!$D$10 -> #N/A | G12: =F12*D12 -> #N/A | H12: =D12*'Summary '!$E$10 -> 0 | I12: 668959.5 | J12: =I12*'Summary '!$D$10 -> 9726671.1 | K12: =J12 -> 9726671.1
A13: 1122701 | B13: VNS HOSPICE O | C13: 10/01/2024 | D13: 4 | E13: #N/A | F13: =E13*'Summary '!$D$10 -> #N/A | G13: =F13*D13 -> #N/A | H13: =D13*'Summary '!$E$10 -> 0 | I13: 6379.47 | J13: =I13*'Summary '!$D$10 -> 92757.494 | K13: =J13 -> 92757.494
A14: 2023403 | B14: CALVARY HOSPICE | C14: 10/01/2024 | D14: 529 | E14: #N/A | F14: =E14*'Summary '!$D$10 -> #N/A | G14: =F14*D14 -> #N/A | H14: =D14*'Summary '!$E$10 -> 0 | I14: 204706.83 | J14: =I14*'Summary '!$D$10 -> 2976437.3 | K14: =J14 -> 2976437.3
A15: 2395980 | B15: CARING HOSPICE SERVICES | C15: 10/01/2024 | D15: 663 | E15: #N/A | F15: =E15*'Summary '!$D$10 -> #N/A | G15: =F15*D15 -> #N/A | H15: =D15*'Summary '!$E$10 -> 0 | I15: 325518.26 | J15: =I15*'Summary '!$D$10 -> 4733035.5 | K15: =J15 -> 4733035.5
A16: 1792052 | B16: HOSPICE OF NEW YORK LLC | C16: 10/01/2024 | D16: 4384 | E16: #N/A | F16: =E16*'Summary '!$D$10 -> #N/A | G16: =F16*D16 -> #N/A | H16: =D16*'Summary '!$E$10 -> 0 | I16: 1121059.4 | J16: =I16*'Summary '!$D$10 -> 16300204 | K16: =J16 -> 16300204
A17: 1084573 | B17: JACOB PERLOW HOSPICE | C17: 10/01/2024 | D17: 6383 | E17: #N/A | F17: =E17*'Summary '!$D$10 -> #N/A | G17: =F17*D17 -> #N/A | H17: =D17*'Summary '!$E$10 -> 0 | I17: 1488981.6 | J17: =I17*'Summary '!$D$10 -> 21649793 | K17: =J17 -> 21649793
A18: 1068226 | B18: JANSEN MEMORIAL HOSPICE | C18: 10/01/2024 | D18: 1 | E18: #N/A | F18: =E18*'Summary '!$D$10 -> #N/A | G18: =F18*D18 -> #N/A | H18: =D18*'Summary '!$E$10 -> 0 | I18: 8401.05 | J18: =I18*'Summary '!$D$10 -> 122151.27 | K18: =J18 -> 122151.27
A19: 1865296 | B19: PJI FOR HEALTH CARE AND REHAB | C19: 10/01/2024 | D19: 5 | E19: #N/A | F19: =E19*'Summary '!$D$10 -> #N/A | G19: =F19*D19 -> #N/A | H19: =D19*'Summary '!$E$10 -> 0 | I19: 0 | J19: =I19*'Summary '!$D$10 -> 0 | K19: =0 -> 0
A20: 1352230 | B20: SI UNIV HOSP UNIV HOSPICE | C20: 10/01/2024 | D20: 264 | E20: 360.84 | F20: =E20*'Summary '!$D$10 -> 5246.6136 | G20: =F20*D20 -> 1385106 | H20: =D20*'Summary '!$E$10 -> 0 | J20: =I20*'Summary '!$D$10 -> 0 | K20: =G20 -> 1385106
A21: 1051101 | B21: UNITED HOSPICE OF ROCKLAND | C21: 10/01/2024 | D21: 294 | E21: 360.84 | F21: =E21*'Summary '!$D$10 -> 5246.6136 | G21: =F21*D21 -> 1542504.4 | H21: =D21*'Summary '!$E$10 -> 0 | J21: =I21*'Summary '!$D$10 -> 0 | K21: =G21 -> 1542504.4
A22: 1049476 | B22: VNS OF NY HOS | C22: 10/01/2024 | D22: 7142 | E22: 360.84 | F22: =E22*'Summary '!$D$10 -> 5246.6136 | G22: =F22*D22 -> 37471314 | H22: =D22*'Summary '!$E$10 -> 0 | J22: =I22*'Summary '!$D$10 -> 0 | K22: =G22 -> 37471314
A23: 1078477 | B23: NIAGARA HOSPICE INC | C23: 10/01/2024 | D23: 93 | E23: 263.12 | F23: =E23*'Summary '!$D$10 -> 3825.7648 | G23: =F23*D23 -> 355796.13 | H23: =D23*'Summary '!$E$10 -> 0 | J23: =I23*'Summary '!$D$10 -> 0 | K23: =G23 -> 355796.13
A24: 1078468 | B24: HOSPICE ORANGE HV/SULLIVAN CO | C24: 10/01/2024 | D24: 670 | E24: 294.14 | F24: =E24*'Summary '!$D$10 -> 4276.7956 | G24: =F24*D24 -> 2865453.1 | H24: =D24*'Summary '!$E$10 -> 0 | J24: =I24*'Summary '!$D$10 -> 0 | K24: =G24 -> 2865453.1
A25: 1049669 | B25: HOSPICE OF DUTCHESS/ULSTER CT | C25: 10/01/2024 | D25: 944 | E25: 267.11 | F25: =E25*'Summary '!$D$10 -> 3883.7794 | G25: =F25*D25 -> 3666287.8 | H25: =D25*'Summary '!$E$10 -> 0 | J25: =I25*'Summary '!$D$10 -> 0 | K25: =G25 -> 3666287.8
A26: 955835 | B26: HOSPICE ROCH/WAYNE/SENECA | C26: 10/01/2024 | D26: 144 | E26: 258.26 | F26: =E26*'Summary '!$D$10 -> 3755.1004 | G26: =F26*D26 -> 540734.46 | H26: =D26*'Summary '!$E$10 -> 0 | J26: =I26*'Summary '!$D$10 -> 0 | K26: =G26 -> 540734.46
A27: 1381240 | B27: LIVINGSTON COUNTY HOSPICE | C27: 10/01/2024 | D27: 51 | E27: #N/A | F27: =E27*'Summary '!$D$10 -> #N/A | G27: =F27*D27 -> #N/A | H27: =D27*'Summary '!$E$10 -> 0 | I27: 424.98 | J27: =I27*'Summary '!$D$10 -> 6179.2092 | K27: =J27 -> 6179.2092
A28: 1353951 | B28: VISITING NURS | C28: 10/01/2024 | D28: 368 | E28: #N/A | F28: =E28*'Summary '!$D$10 -> #N/A | G28: =F28*D28 -> #N/A | H28: =D28*'Summary '!$E$10 -> 0 | I28: 10427.6 | J28: =I28*'Summary '!$D$10 -> 151617.3 | K28: =J28 -> 151617.3
A29: 955826 | B29: HOSPICE OF CENTRAL NEW YORK | C29: 10/01/2024 | D29: 63 | E29: #N/A | F29: =E29*'Summary '!$D$10 -> #N/A | G29: =F29*D29 -> #N/A | H29: =D29*'Summary '!$E$10 -> 0 | I29: 22917.85 | J29: =I29*'Summary '!$D$10 -> 333225.54 | K29: =J29 -> 333225.54
A30: 1067674 | B30: CATSKILL AREA HOSPICE | C30: 10/01/2024 | D30: 21 | E30: #N/A | F30: =E30*'Summary '!$D$10 -> #N/A | G30: =F30*D30 -> #N/A | H30: =D30*'Summary '!$E$10 -> 0 | I30: 1715.52 | J30: =I30*'Summary '!$D$10 -> 24943.661 | K30: =J30 -> 24943.661
A31: 1098517 | B31: HIGH PEAKS HSPC WAR CNY | C31: 10/01/2024 | D31: 302 | E31: #N/A | F31: =E31*'Summary '!$D$10 -> #N/A | G31: =F31*D31 -> #N/A | H31: =D31*'Summary '!$E$10 -> 0 | I31: 11594.55 | J31: =I31*'Summary '!$D$10 -> 168584.76 | K31: =J31 -> 168584.76
A32: 955817 | B32: HOSPICARE OF TOMPKINS COUNTY | C32: 10/01/2024 | D32: 177 | E32: 238.18 | F32: =E32*'Summary '!$D$10 -> 3463.1372 | G32: =F32*D32 -> 612975.28 | H32: =D32*'Summary '!$E$10 -> 0 | J32: =I32*'Summary '!$D$10 -> 0 | K32: =G32 -> 612975.28
A33: 1406284 | B33: HOSPICE CHAUTAUQUA COUNTY INC | C33: 10/01/2024 | D33: 119 | E33: 263.12 | F33: =E33*'Summary '!$D$10 -> 3825.7648 | G33: =F33*D33 -> 455266.01 | H33: =D33*'Summary '!$E$10 -> 0 | J33: =I33*'Summary '!$D$10 -> 0 | K33: =G33 -> 455266.01
A34: 1268400 | B34: HOSPICE OF CHENANGO CTY INC | C34: 10/01/2024 | D34: 49 | E34: #N/A | F34: =E34*'Summary '!$D$10 -> #N/A | G34: =F34*D34 -> #N/A | H34: =D34*'Summary '!$E$10 -> 0 | I34: 3304.08 | J34: =I34*'Summary '!$D$10 -> 48041.323 | K34: =J34 -> 48041.323
A35: 987279 | B35: HOSPICE OF JEFFERSON COUNTY | C35: 10/01/2024 | D35: 44 | E35: 245.78 | F35: =E35*'Summary '!$D$10 -> 3573.6412 | G35: =F35*D35 -> 157240.21 | H35: =D35*'Summary '!$E$10 -> 0 | J35: =I35*'Summary '!$D$10 -> 0 | K35: =G35 -> 157240.21
A36: 1081745 | B36: HOSPICE OF THE NORTH COUNTRY | C36: 10/01/2024 | D36: 35 | E36: #N/A | F36: =E36*'Summary '!$D$10 -> #N/A | G36: =F36*D36 -> #N/A | H36: =D36*'Summary '!$E$10 -> 0 | I36: 14707.26 | J36: =I36*'Summary '!$D$10 -> 213843.56 | K36: =J36 -> 213843.56
A37: 977028 | B37: HOSPICE ST LAWRENCE VALLEY | C37: 10/01/2024 | D37: 12 | E37: #N/A | F37: =E37*'Summary '!$D$10 -> #N/A | G37: =F37*D37 -> #N/A | H37: =D37*'Summary '!$E$10 -> 0 | I37: 34592.28 | J37: =I37*'Summary '!$D$10 -> 502971.75 | K37: =J37 -> 502971.75
A38: 1062317 | B38: MOUNTAIN VALLEY HOSPICE | C38: 10/01/2024 | D38: 113 | E38: 268.54 | F38: =E38*'Summary '!$D$10 -> 3904.5716 | G38: =F38*D38 -> 441216.59 | H38: =D38*'Summary '!$E$10 -> 0 | J38: =I38*'Summary '!$D$10 -> 0 | K38: =G38 -> 441216.59
A39: 973982 | B39: SOUTHERN TIER HOSPICE CORP | C39: 10/01/2024 | D39: 70 | E39: #N/A | F39: =E39*'Summary '!$D$10 -> #N/A | G39: =F39*D39 -> #N/A | H39: =D39*'Summary '!$E$10 -> 0 | I39: 1652.04 | J39: =I39*'Summary '!$D$10 -> 24020.662 | K39: =J39 -> 24020.662
G40: =SUBTOTAL(9,G20:G39) -> 49493894 | H40: =SUBTOTAL(9,H20:H39) -> 0

Sheet 2024 Ger-SPEC Days(Salient)
E1: Comp ~ ME 1/2024 - 12/20224
E2: Total Billed Provider MMIS Name: 665
E3: Dataset: NY Medicaid DV6 - DOH
E4: User: JCP07
E5: Cube: Medicaid_Claim_Services
E6: By: Billed Provider MMIS Name \ Rate Summary
E7: Filters: Rate Summary:Geriatric NF
E8: Sort: Name:ASC
C9: ineligible | D9: Part B | E9: Total
A10: 2950302N | B10: A Holly Patterson Extended Care Facility | C10: 36001 | D10: 80865 | E10: 116866
A11: 2725301N | B11: Aaron Manor Rehabilitation and Nursing Center | C11: 563 | D11: 27092 | E11: 27655
A12: 0420302N | B12: Absolut Center for Nursing and Rehabilitation at Allega | C12: 0 | D12: 7501 | E12: 7501
A13: 1422303N | B13: Absolut Center for Nursing and Rehabilitation at Auror | C13: 225 | D13: 40482 | E13: 40707
A14: 0302303N | B14: Absolut Center for Nursing and Rehabilitation at Endic | C14: 1615 | D14: 40470 | E14: 42085
A15: 3158302N | B15: Absolut Center for Nursing and Rehabilitation at Gaspo | C15: 0 | D15: 17751 | E15: 17751
A16: 5026301N | B16: Absolut Center for Nursing and Rehabilitation at Three | C16: 0 | D16: 27783 | E16: 27783
A17: 0675302N | B17: Absolut Center for Nursing and Rehabilitation at Westfi | C17: 0 | D17: 28840 | E17: 28840
A18: 5155301N | B18: Acadia Center for Nursing and Rehabilitation | C18: 376 | D18: 24146 | E18: 24522
A19: 5220303N | B19: Achieve Rehab and Nursing Facility | C19: 0 | D19: 24697 | E19: 24697
A20: 5907318N | B20: Adira at Riverside Rehabilitation and Nursing | C20: 330 | D20: 17019 | E20: 17349
A21: 5154323N | B21: Affinity Skilled Living and Rehabilitation Center | C21: 2300 | D21: 45324 | E21: 47624
... A697: 5556301V | B697: Wingate of Ulster | C697: 0 | D697: 1948 | E697: 1948

Sheet 2025 NH-SPEC days
F1: =SUM(F3:F691) -> 21782908
D2: Ineligible | E2: Part B | F2: Total
A3: =LEFT(B3,7)&"N" -> 2950302N | B3: 295030230 | C3: A Holly Patterson Extended Care Facility | D3: 33901 | E3: 76044 | F3: =D3+E3 -> 109945
A4: =LEFT(B4,7)&"N" -> 2725301N | B4: 272530110 | C4: Aaron Manor Rehabilitation and Nursing Center | D4: 365 | E4: 26944 | F4: =D4+E4 -> 27309
A5: =LEFT(B5,7)&"N" -> 0420302N | B5: 042030210 | C5: Absolut Center for Nursing and Rehabilitation at Allega | D5: 0 | E5: 7189 | F5: =D5+E5 -> 7189
A6: =LEFT(B6,7)&"N" -> 1422303N | B6: 142230310 | C6: Absolut Center for Nursing and Rehabilitation at Auror | D6: 0 | E6: 42216 | F6: =D6+E6 -> 42216
A7: =LEFT(B7,7)&"N" -> 0302303N | B7: 030230310 | C7: Absolut Center for Nursing and Rehabilitation at Endic | D7: 1802 | E7: 40932 | F7: =D7+E7 -> 42734
A8: =LEFT(B8,7)&"N" -> 3158302N | B8: 315830210 | C8: Absolut Center for Nursing and Rehabilitation at Gaspo | D8: 0 | E8: 20052 | F8: =D8+E8 -> 20052
A9: =LEFT(B9,7)&"N" -> 5026301N | B9: 502630110 | C9: Absolut Center for Nursing and Rehabilitation at Three | D9: 0 | E9: 29245 | F9: =D9+E9 -> 29245
A10: =LEFT(B10,7)&"N" -> 0675302N | B10: 067530210 | C10: Absolut Center for Nursing and Rehabilitation at Westfi | D10: 0 | E10: 16033 | F10: =D10+E10 -> 16033
A11: =LEFT(B11,7)&"N" -> 5155301N | B11: 515530110 | C11: Acadia Center for Nursing and Rehabilitation | D11: 408 | E11: 20957 | F11: =D11+E11 -> 21365
A12: =LEFT(B12,7)&"N" -> 5220303N | B12: 522030310 | C12: Achieve Rehab and Nursing Facility | D12: 2 | E12: 26880 | F12: =D12+E12 -> 26882
A13: =LEFT(B13,7)&"N" -> 5907318N | B13: 590731810 | C13: Adira at Riverside Rehabilitation and Nursing | D13: 180 | E13: 16580 | F13: =D13+E13 -> 16760
A14: =LEFT(B14,7)&"N" -> 5154323N | B14: 515432310 | C14: Affinity Skilled Living and Rehabilitation Center | D14: 5058 | E14: 45689 | F14: =D14+E14 -> 50747
... A593: =LEFT(B593,7)&"N" -> 5951301N | B593: 595130110 | C593: Yorktown Rehabilitation & Nursing Center | D593: 911 | E593: 22830 | F593: =D593+E593 -> 23741
A594: 2950302A | B594: 295030231 | C594: A Holly Patterson Extended Care Facility | D594: 1215 | E594: 2895 | F594: =D594+E594 -> 4110
A595: 2950302V | B595: 295030232 | C595: A Holly Patterson Extended Care Facility | D595: 659 | E595: 395 | F595: =D595+E595 -> 1054
A596: 5907318V | B596: 590731812 | C596: Adira at Riverside Rehabilitation and Nursing | D596: 113 | E596: 1445 | F596: =D596+E596 -> 1558
A597: 5154323V | B597: 515432312 | C597: Affinity Skilled Living and Rehabilitation Center | D597: 862 | E597: 1914 | F597: =D597+E597 -> 2776
A598: 3301330V | B598: 330133012 | C598: Bishop Rehabilitation and Nursing Center | D598: 0 | E598: 0 | F598: =D598+E598 -> 0
A599: 0301308V | B599: 030130812 | C599: Bridgewater Center for Rehabilitation & Nursing LLC | D599: 362 | E599: 676 | F599: =D599+E599 -> 1038
A600: 7000397A | B600: 700039711 | C600: Bronx Gardens Rehabilitation and Nursing Center | D600: 2184 | E600: 2717 | F600: =D600+E600 -> 4901
A601: 7000397V | B601: 700039712 | C601: Bronx Gardens Rehabilitation and Nursing Center | D601: 548 | E601: 1936 | F601: =D601+E601 -> 2484
A602: 7000364A | B602: 700036411 | C602: BronxCare Special Care Center | D602: 6601 | E602: 11940 | F602: =D602+E602 -> 18541
A603: 5157318S | B603: 515731815 | C603: Brookside Multicare Nursing Center | D603: 10915 | E603: 0 | F603: =D603+E603 -> 10915
A604: 7000373A | B604: 700037311 | C604: Casa Promesa | D604: 129 | E604: 14056 | F604: =D604+E604 -> 14185
A605: 3227304D | B605: 322730416 | C605: Charles T Sitrin Health Care Center Inc | D605: 0 | E605: 8169 | F605: =D605+E605 -> 8169
... A691: 7002346Y | B691: 700234617 | C691: Elizabeth Seton Childrens Center | D691: 16257 | E691: 1065 | F691: =D691+E691 -> 17322
A699: =LEFT(B699,7)&"N" -> 0303306N | B699: 030330610 | C699: James G Johnston Memorial Nursing Home | D699: 0 | E699: 2818 | F699: =D699+E699 -> 2818 | H699: 45840
A700: =LEFT(B700,7)&"N" -> 2725302N | B700: 272530210 | C700: St Johns Penfield Homes Corporation | D700: 0 | E700: 687 | F700: =D700+E700 -> 687 | H700: 45728
A701: =LEFT(B701,7)&"N" -> 2951308N | B701: 295130810 | C701: The Amsterdam at Harborside | D701: 0 | E701: 142 | F701: =D701+E701 -> 142 | H701: 45730
